[Event "Germany Countries-chT Youth 2022"]
[Site "Wiesbaden"]
[Date "2022.10.01"]
[Round "2"]
[White "Rudolph, Eva"]
[Black "Basovskiy, Jana"]
[Result "1/2-1/2"]
[ECO "B23"]
[WhiteElo "1911"]
[BlackElo "1858"]
[Annotator "TA"]
[PlyCount "58"]
[EventDate "2022.09.28"]
[EventType "team-tourn"]
[EventRounds "7"]
[EventCountry "GER"]
[SourceTitle "playchess.com"]
[Source "ChessBase"]
[SourceQuality "1"]
[TimeControl "40/5400+30:1800+30"]

1. e4 c5 2. Nc3 Nc6 3. f4 g6 4. Nf3 Bg7 5. Bb5 Nd4 6. d3 Nxb5 7. Nxb5 d5 8. O-O Nf6 {[%emt 0:07:10] B23: Closed Sicilian: Lines without g3.} 9. e5 Nd7 {[%emt 0:01:10] [#]} 10. Qe2 $146 ({Predecessor:} 10. e6 fxe6 11. Ng5 Nf8 12. c4 a6 13. Nc3 dxc4 14. dxc4 Qd4+ 15. Qxd4 Bxd4+ 16. Kh1 {1-0 (53) Dipankar,G (1670)-Velazquez Martinez,J (2179) ICC INT 2020}) 10... Nb6 (10... a6 $5 11. Nc3 e6 $11) 11. a4 {[%emt 0:05:40] And now a5 would win.} a6 12. Nc3 d4 (12... Bg4 $1 $14) 13. Ne4 $16 Qd5 14. Nf6+ exf6 (14... Bxf6 $16 15. exf6 Qe6 16. Qxe6 Bxe6) 15. exf6+ $18 {[%emt 0:00:10][%mdl 64] Discovered Attack} Kf8 (15... Be6 {keeps fighting.}) 16. Qe7+ Kg8 {[%emt 0:00:07] Threatens to win with ...Bf8.} 17. fxg7 Kxg7 18. f5 Bxf5 {[%emt 0:00:57] [#]} 19. Nh4 (19. g4 $1 $18 Be6 {[#]} 20. Ne5 $1 ) 19... Rhe8 (19... h6 $16) 20. Nxf5+ $2 (20. Qg5 $18 Re5 21. g4 Bxg4 22. Qf6+ (22. Qxg4 Rae8 $16) 22... Kf8 23. Bh6+ (23. Qxb6 Kg8 $16) 23... Ke8 24. Qxb6) 20... Qxf5 $11 21. Qh4 Qe5 $1 {[%emt 0:00:30] The position is equal.} 22. Bf4 ({But not} 22. a5 Nd5 23. Bh6+ Kg8 $17) 22... Qh5 23. Qxh5 gxh5 24. Bd6 $36 {[%emt 0:00:30][%mdl 2048] White has good play.} Rac8 25. Rf5 Nd7 26. Raf1 f6 27. Rxh5 Re2 28. Rf2 Re1+ 29. Rf1 Re2 {[%emt 0:00:30] Black defended with fortune.  Weighted Error Value: White=0.29 (precise) /Black=0.40} 1/2-1/2

[Event "Germany Countries-chT Youth 2022"]
[Site "Wiesbaden"]
[Date "2022.10.01"]
[Round "2"]
[White "Haubold, Christian Lucas"]
[Black "Hubert, Charlotte"]
[Result "1/2-1/2"]
[ECO "B90"]
[WhiteElo "1888"]
[BlackElo "1671"]
[Annotator "NA RC COMBH"]
[PlyCount "35"]
[EventDate "2022.09.28"]
[EventType "team-tourn"]
[EventRounds "7"]
[EventCountry "GER"]
[SourceTitle "playchess.com"]
[Source "ChessBase"]
[SourceQuality "1"]
[TimeControl "40/5400+30:1800+30"]

1. e4 c5 2. Nf3 d6 3. d4 cxd4 4. Nxd4 Nf6 5. Nc3 a6 6. Be3 e5 7. Nb3 Be7 8. h3 h6 9. f4 Nbd7 10. f5 b5 11. Qf3 Bb7 12. a3 Rc8 13. Bd3 Nb6 14. Bxb6 Qxb6 15. a4 b4 16. Nd5 Bxd5 17. exd5 O-O 18. Be2 1/2-1/2

[Event "Germany Countries-chT Youth 2022"]
[Site "Wiesbaden"]
[Date "2022.10.01"]
[Round "2"]
[White "Semling, Johannes"]
[Black "Besou, Hussain"]
[Result "0-1"]
[ECO "A11"]
[WhiteElo "1861"]
[BlackElo "2119"]
[Annotator "TA"]
[PlyCount "110"]
[EventDate "2022.09.28"]
[EventType "team-tourn"]
[EventRounds "7"]
[EventCountry "GER"]
[SourceTitle "playchess.com"]
[Source "ChessBase"]
[SourceQuality "1"]
[TimeControl "40/5400+30:1800+30"]

1. Nf3 Nf6 2. g3 d5 3. Bg2 Bf5 4. c4 c6 5. O-O e6 6. d3 Be7 7. cxd5 exd5 8. Qb3 {[%emt 0:00:42] A11: English Opening: 1...c6.} Qb6 9. Qc2 O-O 10. Nc3 {[%emt 0:00:41] The position is equal.} h6 {[%emt 0:05:13] 10...h6 is better than 10...Na6.} 11. e4 dxe4 12. dxe4 Bh7 13. Be3 Qa6 14. Nd4 Nbd7 15. f3 {[%emt 0:05:55] [#]} (15. Rfd1 $14) 15... Rfe8 $146 (15... Nd5 $1 $11 16. Nxd5 cxd5) ({Predecessor:} 15... Rad8 16. Rad1 Ne5 17. Kh1 Nc4 18. Bf2 b5 19. b3 Na3 20. Qc1 c5 21. Nc2 c4 22. Nxa3 Bxa3 {½-½ (39) Efimenko,Z (2597)-Zilka,S (2608) Warsaw 2021}) 16. Rad1 Rad8 17. Rfe1 Ne5 18. Bf2 Nd5 19. a3 {[%emt 0:05:26] Prevents Nb4.} Nxc3 20. Qxc3 c5 (20... Bf6 $1 $11) 21. Nf5 (21. Nb3 $5 Nd3 22. Bf1 $14) 21... Bf6 22. Rxd8 (22. Bxc5 $2 Nd3 23. e5 (23. Nd4 $2 Nxe1 24. Bf1 Rxd4 $19) 23... Nxe1 24. Rxe1 Bxf5 $19) 22... Rxd8 23. Ne7+ (23. Qxc5 $2 Bxf5 24. exf5 Nd3 $19) 23... Kh8 (23... Bxe7 $11 {remains equal.} 24. Qxe5 Qe6 25. Qxe6 fxe6) 24. Nd5 $1 $16 (24. Bxc5 $2 Nd3 25. e5 Bxe7 26. Bxe7 Qb6+ 27. Bc5 (27. Kh1 Nf2+ 28. Kg1 Nh3+ 29. Kh1 Qg1+ 30. Rxg1 Nf2#) 27... Nxc5 $19) (24. Qxc5 Nd3 25. Qc7 Qd6 26. Qxd6 Rxd6 $17) 24... Nd3 25. Nxf6 Nxe1 26. Nh5 $1 Qg6 {[%emt 0:00:31] White must now prevent ...Nd3.} 27. Nf4 {[%emt 0:00:37] Against Nd3} Nxf3+ 28. Bxf3 Qc6 29. Nd5 (29. Qxc5 Bxe4 30. Bh5 g6 $14) 29... Qe6 30. Nf4 (30. Qe3 $16) 30... Qe8 (30... Qc6 $1 $11) 31. Nh5 $1 (31. Bxc5 Bxe4 32. Bg4 (32. Bxa7 Rc8 $11) 32... Bc6 $16) 31... f6 {[%emt 0:00:22] [#]} 32. Nxf6 gxf6 33. Qxf6+ Kg8 {[%emt 0:00:06] [#]} 34. Bg4 (34. Qxh6 Qe5 $14) (34. Bxc5 $6 Bxe4 35. Bh5 (35. Bxa7 Bxf3 36. Qxf3 Qe1+ 37. Kg2 Qd2+ 38. Bf2 Qxb2 $15) (35. Bd4 $2 Rxd4 36. Qxd4 Bxf3 $19) 35... Qd7 $14) (34. Bh5 $1 $16 Qf8 (34... Qxh5 35. Qxd8+) 35. Qe6+ (35. Bf7+ Qxf7 36. Qxd8+ Qf8 $16) 35... Kh8 36. Be1) 34... Bg6 (34... Bxe4 $11 35. Qxh6 Bg6) 35. Be6+ ({White should try} 35. Bxc5 $16 {aiming for Be3.} Kh7 36. Bd4 (36. Bxa7 Bxe4 37. Bb6 Ra8 $14) 36... Rxd4 37. Qxd4) 35... Kh7 $11 {[%emt 0:00:07] Hoping for ...Rd1+.} 36. Bxc5 Bxe4 37. Be7 $2 (37. Bb4 $11 {and White is okay.}) 37... Rd1+ $19 38. Kf2 Qg6 $2 (38... Qh5 $19 39. h3 (39. Qf7+ $2 Qxf7+ 40. Bxf7 Rd7 $19) 39... Rd2+ 40. Ke3 Rd3+ 41. Kf4 (41. Kxe4 {gets mated.} Qe2+ 42. Kf5 Rf3+ 43. Kg4 Rxf6+ 44. Kh4 Kg6 45. Bg4 Qe5) 41... Rf3+ 42. Kxe4 Rxf6 43. Bxf6 Qe2+ 44. Kf5 Qf2+ 45. Ke5 Qxb2+ 46. Kf5 Qf2+ 47. Ke5 Qb2+ 48. Kf5 Qf2+ 49. Ke5 Qxg3+ 50. Kd5 Qf3+ 51. Ke5 Kg6) 39. Qe5 $1 $15 Bd3 (39... Bb1 $15 40. Bc5 (40. Qe2 $2 Rh1 $19) 40... Rd2+ 41. Ke1 Rxh2) 40. Bc5 $11 Rd2+ 41. Kg1 (41. Kf3 $11 {keeps the balance.}) 41... Re2 $40 {[%emt 0:30:41][%mdl 128] Black goes for the king. Chess con chili.} 42. Qc7+ Qg7 43. Qd6 (43. Bg8+ $17 Kh8 44. Qxg7+ Kxg7 45. Bd5) 43... Be4 $2 (43... Re1+ {mates} 44. Kg2 Qxb2+ 45. Kh3 Bf1+ 46. Kg4 Qe2+ 47. Kh4 Qxh2+ 48. Kg4 Qe2+ 49. Kh4 Qe4+ 50. g4 Qh1+ 51. Kg3 Qg2+ 52. Kf4 Re4+ 53. Kf5 Qf3+ 54. Qf4 Qxf4#) 44. Qd4 (44. Qd8 $17 Bg6 45. Bd4 Re1+ 46. Kg2) 44... Qxd4+ 45. Bxd4 $19 {[%emt 0:00:06][%mdl 4096] Endgame KRB-KB. A strong pair of Bishops.} Rg2+ 46. Kf1 Rxh2 47. b4 a6 48. a4 Rd2 49. Bc5 Kg6 50. a5 Bf5 51. Bc4 Bd3+ 52. Bxd3+ Rxd3 53. Kf2 (53. Kg2) 53... Kf5 {[%emt 0:00:08] Black is clearly winning.} 54. Bb6 Kg4 55. Bc7 Rd4 {[%emt 0:00:01] Weighted Error Value: White=0.61/Black=0.47} 0-1

[Event "Germany Countries-chT Youth 2022"]
[Site "Wiesbaden"]
[Date "2022.10.01"]
[Round "2"]
[White "Jaskulski, Jan"]
[Black "Bock, Marlon"]
[Result "0-1"]
[ECO "B33"]
[WhiteElo "1849"]
[BlackElo "1866"]
[Annotator "NA RC COMBH"]
[PlyCount "41"]
[EventDate "2022.09.28"]
[EventType "team-tourn"]
[EventRounds "7"]
[EventCountry "GER"]
[SourceTitle "playchess.com"]
[Source "ChessBase"]
[SourceQuality "1"]
[TimeControl "40/5400+30:1800+30"]

1. e4 c5 2. Nf3 Nc6 3. d4 cxd4 4. Nxd4 Nf6 5. Nc3 e5 6. Ndb5 d6 7. Nd5 Nxd5 8. exd5 Ne7 9. c4 Ng6 10. Qa4 Bd7 11. Qb4 Bf5 12. h4 a6 13. h5 axb5 14. hxg6 bxc4 15. Rxh7 Rxh7 16. gxh7 Bxh7 17. Qxb7 Be7 18. Bxc4 Rb8 19. Qa6 Kf8 20. Kf1 Bf6 21. Bb5 0-1

[Event "Germany Countries-chT Youth 2022"]
[Site "Wiesbaden"]
[Date "2022.10.01"]
[Round "2"]
[White "Tovmasyan, Minas"]
[Black "Bosselmann, Tom Linus"]
[Result "0-1"]
[ECO "A57"]
[WhiteElo "1838"]
[BlackElo "2061"]
[Annotator "TA"]
[PlyCount "62"]
[EventDate "2022.09.28"]
[EventType "team-tourn"]
[EventRounds "7"]
[EventCountry "GER"]
[SourceTitle "playchess.com"]
[Source "ChessBase"]
[SourceQuality "1"]
[TimeControl "40/5400+30:1800+30"]

1. d4 Nf6 2. c4 c5 3. d5 b5 4. cxb5 a6 5. f3 axb5 6. e4 Qa5+ 7. Bd2 b4 8. Na3 d6 9. Nc4 Qd8 10. a3 e6 11. dxe6 Bxe6 12. axb4 Rxa1 13. Qxa1 d5 14. Ne5 {[%emt 0:09:22] A57: Benko/Volga Gambit.} Bd6 15. Bb5+ Kf8 16. Nd3 {[%emt 0:09:17] [#] aiming for e5. White is better.} dxe4 17. bxc5 ({Reject} 17. Nxc5 Bd5 $11) 17... Be7 {[%emt 0:14:12] [#]} 18. Nf4 $146 (18. fxe4 $16 {Qa8 is the strong threat.} Nxe4 19. Bb4) ({Predecessor:} 18. fxe4 Nxe4 19. Be3 Bg5 20. Bxg5 Qxg5 21. Ne2 Qd2+ 22. Kf1 Bg4 23. Nf2 Nxf2 24. Qa7 Nxh1 25. Qxb8+ {0-1 (48) Lodici,L (2358)-Gibicar,D (2259) Germany 2017}) 18... Bxc5 $11 19. Nxe6+ fxe6 20. Qa4 Qb6 21. Bb4 (21. Nh3 $11 {remains equal.} exf3 22. gxf3) 21... Kf7 {[%emt 0:00:46] Black is more active.} 22. Bxc5 ({Better is} 22. Ba5 $1 $15 Bf2+ 23. Kf1) 22... Qxc5 $17 23. Ne2 {[%emt 0:04:33] Against Qc1+} exf3 24. gxf3 Rc8 25. b3 $2 (25. Kf1 $17) 25... Qe3 $19 26. Bc4 {[%emt 0:01:09] [#]} Nbd7 (26... Nc6 $1 $19 {[%cal Rc6e5] is more deadly. Strongly threatening ...Ne5.} 27. Rg1 Ne5) 27. Qa6 (27. Qb4 $17 {was called for.}) 27... Rc7 (27... Re8 $19 28. Rg1 g5) 28. Kf1 $2 {[%emt 0:02:17][%mdl 8192] This move loses the game for White.} (28. Qa5 $17 Nb6 29. Rg1) 28... Qxf3+ {[%emt 0:00:25] Black is clearly winning.} 29. Kg1 Qe3+ 30. Kg2 Qe4+ 31. Kg3 Rxc4 {[%emt 0:01:47] Weighted Error Value: White=0.76/Black=0.63} 0-1

[Event "Germany Countries-chT Youth 2022"]
[Site "Wiesbaden"]
[Date "2022.10.01"]
[Round "2"]
[White "Trunz, Michelle"]
[Black "Haug, Mara"]
[Result "0-1"]
[ECO "A57"]
[WhiteElo "1821"]
[BlackElo "1611"]
[Annotator "NA COMBH"]
[PlyCount "101"]
[EventDate "2022.09.28"]
[EventType "team-tourn"]
[EventRounds "7"]
[EventCountry "GER"]
[SourceTitle "playchess.com"]
[Source "ChessBase"]
[SourceQuality "1"]
[TimeControl "40/5400+30:1800+30"]

1. d4 Nf6 2. c4 c5 3. d5 b5 4. Nd2 g6 5. e4 Bg7 6. Ngf3 O-O 7. Qc2 d6 8. Rb1 Na6 9. a3 b4 10. Bd3 Rb8 11. O-O Bd7 12. e5 Ng4 13. exd6 exd6 14. Ne4 Ne5 15. Nxe5 Bxe5 16. Bg5 f6 17. Bh6 f5 18. Bg5 Qa5 19. Nd2 bxa3 20. bxa3 Qxa3 21. Rb3 Rxb3 22. Qxb3 Qxb3 23. Nxb3 Rb8 24. Nd2 Nb4 25. Bb1 Kf7 26. Nf3 Bg7 27. Bf4 Bf8 28. Ng5+ Kg8 29. Re1 Re8 30. Rxe8 Bxe8 31. Ne6 Be7 32. f3 Bd7 33. Nc7 Ba4 34. Kf2 Bb3 35. Nb5 Bxc4 36. Nxa7 Nxd5 37. Bd2 Nc7 38. Nc8 Kf7 39. Bg5 Bf8 40. Nb6 Be6 41. Ke2 Nd5 42. Nxd5 Bxd5 43. Kd3 Bg7 44. Bc2 c4+ 45. Kd2 Bc6 46. Be3 d5 47. Bc5 d4 48. Bb1 Ke6 49. h3 Kd5 50. Ba3 c3+ 51. Ke1 0-1

[Event "Germany Countries-chT Youth 2022"]
[Site "Wiesbaden"]
[Date "2022.10.01"]
[Round "2"]
[White "Buchholz, Maja"]
[Black "Nizamova, Rita"]
[Result "0-1"]
[ECO "C06"]
[WhiteElo "1765"]
[BlackElo "1813"]
[Annotator "NA COMBH"]
[PlyCount "74"]
[EventDate "2022.09.28"]
[EventType "team-tourn"]
[EventRounds "7"]
[EventCountry "GER"]
[SourceTitle "playchess.com"]
[Source "ChessBase"]
[SourceQuality "1"]
[TimeControl "40/5400+30:1800+30"]

1. e4 e6 2. d4 d5 3. Nd2 Nf6 4. e5 Nfd7 5. Bd3 c5 6. c3 b6 7. Ne2 Ba6 8. Nf3 Bxd3 9. Qxd3 Nc6 10. O-O Be7 11. Nf4 O-O 12. Be3 a6 13. Rac1 Re8 14. b3 b5 15. Rfd1 Rc8 16. g3 cxd4 17. cxd4 Qa5 18. Qe2 Nb4 19. Rxc8 Rxc8 20. Rd2 Rc1+ 21. Kg2 Ra1 22. Nd3 Nxa2 23. Rc2 Nc3 24. Qd2 b4 25. Bg5 Bf8 26. Qf4 Qb5 27. Nde1 a5 28. Bd8 h6 29. g4 g6 30. h4 Qb8 31. Bf6 Nxf6 32. Qxf6 Bg7 33. Qf4 Qb5 34. Qe3 Rb1 35. Nd2 Ra1 36. f4 Qe2+ 37. Qxe2 Nxe2 0-1

[Event "Germany Countries-chT Youth 2022"]
[Site "Wiesbaden"]
[Date "2022.10.01"]
[Round "2"]
[White "Pohle, Saskia"]
[Black "Kellner, Anton"]
[Result "1-0"]
[ECO "B99"]
[WhiteElo "1756"]
[BlackElo "1382"]
[Annotator "NA RC COMBH"]
[PlyCount "61"]
[EventDate "2022.09.28"]
[EventType "team-tourn"]
[EventRounds "7"]
[EventCountry "GER"]
[SourceTitle "playchess.com"]
[Source "ChessBase"]
[SourceQuality "1"]
[TimeControl "40/5400+30:1800+30"]

1. e4 c5 2. Nf3 d6 3. d4 cxd4 4. Nxd4 Nf6 5. Nc3 a6 6. Bg5 e6 7. f4 Be7 8. Qf3 Qc7 9. O-O-O Nbd7 10. g4 b5 11. h4 Bb7 12. Bxf6 Bxf6 13. g5 Bxd4 14. Rxd4 Rc8 15. a3 Nc5 16. Bxb5+ axb5 17. Nxb5 Qc6 18. Nxd6+ Ke7 19. Nxc8+ Rxc8 20. Re1 Qc7 21. Rc4 Qd7 22. Rd1 Qb5 23. Qc3 Nxe4 24. Rc7+ Kf8 25. Rxc8+ Bxc8 26. Qxc8+ Qe8 27. Rd8 Nd6 28. Rxe8+ Nxe8 29. Qc5+ Kg8 30. Qe7 Kh8 31. Qf8# 1-0

[Event "Germany Countries-chT Youth 2022"]
[Site "Wiesbaden"]
[Date "2022.10.01"]
[Round "2"]
[White "Zoellner, Bente"]
[Black "Bezsonna, Polina"]
[Result "1/2-1/2"]
[ECO "A48"]
[WhiteElo "1756"]
[BlackElo "1649"]
[Annotator "NA RC COMBH"]
[PlyCount "43"]
[EventDate "2022.09.28"]
[EventType "team-tourn"]
[EventRounds "7"]
[EventCountry "GER"]
[SourceTitle "playchess.com"]
[Source "ChessBase"]
[SourceQuality "1"]
[TimeControl "40/5400+30:1800+30"]

1. d4 Nf6 2. Nf3 g6 3. Bg5 Ne4 4. Bh4 Bg7 5. c3 c5 6. e3 cxd4 7. cxd4 d5 8. Bd3 Qa5+ 9. Nbd2 Nxd2 10. Nxd2 Nc6 11. O-O O-O 12. Nb3 Qd8 13. Bb5 h6 14. Rc1 Bd7 15. Nc5 Bc8 16. Bxc6 bxc6 17. Qa4 Qe8 18. Na6 Bxa6 19. Qxa6 e5 20. Bg3 exd4 21. exd4 Qc8 22. Qa4 1/2-1/2

[Event "Germany Countries-chT Youth 2022"]
[Site "Wiesbaden"]
[Date "2022.10.01"]
[Round "2"]
[White "Braun, Julian"]
[Black "Voigt, Anastasia"]
[Result "1-0"]
[ECO "C54"]
[WhiteElo "1715"]
[BlackElo "1772"]
[Annotator "NA RC COMBH"]
[PlyCount "57"]
[EventDate "2022.09.28"]
[EventType "team-tourn"]
[EventRounds "7"]
[EventCountry "GER"]
[SourceTitle "playchess.com"]
[Source "ChessBase"]
[SourceQuality "1"]
[TimeControl "40/5400+30:1800+30"]

1. e4 e5 2. Nf3 Nc6 3. Bc4 Bc5 4. c3 Nf6 5. d4 exd4 6. e5 d5 7. Bb5 Ne4 8. cxd4 Bb6 9. Nc3 O-O 10. Be3 Bg4 11. h3 Bh5 12. Qc2 Bg6 13. Qb3 Ne7 14. O-O c6 15. Bd3 Nd2 16. Nxd2 Bxd3 17. Rfe1 Bg6 18. Na4 Nf5 19. Nxb6 axb6 20. Nf3 Nxe3 21. Rxe3 b5 22. Rae1 Ra4 23. a3 Qb6 24. e6 fxe6 25. Rxe6 Rc4 26. Qe3 Rc2 27. Rxg6 hxg6 28. Qd3 Rxb2 29. Qxg6 1-0

[Event "Germany Countries-chT Youth 2022"]
[Site "Wiesbaden"]
[Date "2022.10.01"]
[Round "2"]
[White "Nechitailo, Nikita"]
[Black "Buchinger, Alexis"]
[Result "1-0"]
[ECO "C54"]
[WhiteElo "1651"]
[BlackElo "1802"]
[Annotator "NA COMBH"]
[PlyCount "122"]
[EventDate "2022.09.28"]
[EventType "team-tourn"]
[EventRounds "7"]
[EventCountry "GER"]
[SourceTitle "playchess.com"]
[Source "ChessBase"]
[SourceQuality "1"]
[TimeControl "40/5400+30:1800+30"]

1. e4 e5 2. Nf3 Nc6 3. Bc4 Bc5 4. c3 Nf6 5. d4 exd4 6. b4 Bb6 7. e5 d5 8. exf6 dxc4 9. Qe2+ Be6 10. fxg7 Rg8 11. Bg5 Qd5 12. Nbd2 d3 13. Qe4 Rxg7 14. Qh4 Ne5 15. Ne4 Nd7 16. O-O Qf5 17. Rae1 Qg6 18. Ng3 c6 19. Nh5 Rg8 20. Nf4 Qf5 21. g4 Rxg5 22. Qxg5 Qxg5 23. Nxg5 Nf8 24. Nfxe6 Nxe6 25. Nxe6 fxe6 26. Rxe6+ Kf7 27. Re4 Re8 28. Rxc4 d2 29. Rf4+ Kg6 30. Rf3 Kg5 31. Rd3 Re2 32. h3 a5 33. a3 a4 34. c4 c5 35. bxc5 Ba5 36. Kg2 Re4 37. Rd1 Rxc4 38. Rd5+ Kg6 39. c6 b5 40. Rd6+ Kf7 41. Kf1 Ke7 42. Rd5 Rxc6 43. Rxb5 Bc3 44. Ke2 Rh6 45. Rh5 Rxh5 46. gxh5 Kf6 47. Rxd2 Bxd2 48. Kxd2 Kg5 49. Ke3 Kxh5 50. Ke4 Kg6 51. Ke5 Kf7 52. f4 Ke7 53. h4 h6 54. h5 Kf7 55. Kf5 Kg8 56. Ke6 Kf8 57. f5 Kg7 58. f6+ Kf8 59. f7 Kg7 60. Ke7 Kh8 61. Ke8 Kh7 1-0

[Event "Germany Countries-chT Youth 2022"]
[Site "Wiesbaden"]
[Date "2022.10.01"]
[Round "2"]
[White "Neininger, Sarah"]
[Black "Struebel, Katharina"]
[Result "0-1"]
[ECO "C42"]
[WhiteElo "1589"]
[BlackElo "1273"]
[Annotator "NA COMBH"]
[PlyCount "96"]
[EventDate "2022.09.28"]
[EventType "team-tourn"]
[EventRounds "7"]
[EventCountry "GER"]
[SourceTitle "playchess.com"]
[Source "ChessBase"]
[SourceQuality "1"]
[TimeControl "40/5400+30:1800+30"]

1. e4 e5 2. Nf3 Nf6 3. Nxe5 d6 4. Nf3 Nxe4 5. d4 d5 6. Be2 Nc6 7. O-O Be7 8. Be3 O-O 9. Nbd2 Bf5 10. Nxe4 Bxe4 11. c3 f5 12. Qc1 Qd6 13. Bg5 Rae8 14. Bxe7 Rxe7 15. Ne5 Nxe5 16. dxe5 Qb6 17. Kh1 f4 18. c4 Rxe5 19. cxd5 Bxg2+ 20. Kxg2 Rxe2 21. Qc4 f3+ 22. Kh1 Rxf2 23. Rxf2 Qxf2 24. Rg1 Rf7 25. Qb5 Qe2 26. Qxe2 fxe2 27. Kg2 Rf1 28. Rxf1 exf1=Q+ 29. Kxf1 Kf7 30. Kf2 Kf6 31. Kf3 Kf5 32. Ke3 Ke5 33. Kf3 Kxd5 34. Kf4 c5 35. Ke3 b5 36. Kd3 a5 37. Kc3 a4 38. a3 c4 39. Kb4 Kc6 40. Kc3 Kc5 41. Kc2 b4 42. Kd2 bxa3 43. bxa3 Kd4 44. Kc2 c3 45. h3 Kc4 46. h4 h5 47. Kb1 Kb3 48. Kc1 c2 0-1

[Event "Germany Countries-chT Youth 2022"]
[Site "Wiesbaden"]
[Date "2022.10.01"]
[Round "2"]
[White "Aniol, Nico"]
[Black "Kocharin, Timur"]
[Result "0-1"]
[ECO "B14"]
[WhiteElo "1541"]
[BlackElo "1971"]
[Annotator "TA"]
[PlyCount "61"]
[EventDate "2022.09.28"]
[EventType "team-tourn"]
[EventRounds "7"]
[EventCountry "GER"]
[SourceTitle "playchess.com"]
[Source "ChessBase"]
[SourceQuality "1"]
[TimeControl "40/5400+30:1800+30"]

1. e4 c6 2. d4 d5 3. exd5 cxd5 4. c4 Nf6 5. Nc3 g6 6. Nf3 Bg7 7. c5 O-O 8. Be3 {[%emt 0:01:16] B14: Caro-Kann: Panov-Botvinnik Attack with 5...e6 and 5...g6.} Nc6 9. Bb5 {[%emt 0:00:21] [#]} Bf5 $146 ({Predecessor:} 9... Bg4 10. h3 Bxf3 11. Qxf3 e5 12. dxe5 Nxe5 13. Qf4 Nh5 14. Qa4 d4 15. O-O-O a6 {½-½ (21) Warakomski,T (2505)-Tomczak,J (2551) Lazy 2014}) 10. Bxc6 bxc6 11. O-O Nd7 12. Bf4 {[%emt 0:02:17] [#]} (12. Nh4 $15) 12... f6 ({Black should try} 12... Bg4 $1 $17 {Strongly threatening ...Bxf3.} 13. Bg5 Bxf3 14. gxf3 h6) 13. Re1 Bg4 14. h3 Bxf3 15. Qxf3 e5 16. Be3 f5 17. dxe5 Nxe5 18. Qd1 (18. Qg3 $15) 18... Nc4 $17 19. Na4 (19. Bd4 $17 {keeps fighting.} Nxb2 20. Qd2) 19... Nxb2 $2 (19... Qh4 $19 {aiming for ...Rae8.} 20. Bc1 Rab8) 20. Nxb2 $15 Bxb2 21. Rb1 Bc3 22. Re2 Qc7 23. Bd4 Bxd4 24. Qxd4 Rfe8 25. Rbe1 {[%emt 0:01:36] [#]} (25. Reb2 $11) 25... Re4 $1 $17 26. Rxe4 fxe4 27. Rb1 Rb8 ({Black should play} 27... Rf8 $17 {next ...Qg7 is good for Black.} 28. Qa4 Qd7) 28. Rxb8+ $11 Qxb8 29. Qf6 $1 Qc7 (29... Qe8 $5 ) 30. Qe6+ Kg7 31. g4 {[%emt 0:00:07][%mdl 32768] Weighted Error Value: White=0.28 (precise) /Black=0.32. Loss on time!?} 0-1

[Event "Germany Countries-chT Youth 2022"]
[Site "Wiesbaden"]
[Date "2022.10.01"]
[Round "2"]
[White "Skembris, Simon Max"]
[Black "Möller, Maurin"]
[Result "0-1"]
[ECO "B40"]
[WhiteElo "1540"]
[BlackElo "1936"]
[Annotator "TA"]
[PlyCount "74"]
[EventDate "2022.09.28"]
[EventType "team-tourn"]
[EventRounds "7"]
[EventCountry "GER"]
[SourceTitle "playchess.com"]
[Source "ChessBase"]
[SourceQuality "1"]
[TimeControl "40/5400+30:1800+30"]

1. e4 c5 2. Nf3 e6 3. d4 cxd4 4. Nxd4 Nf6 5. Nc3 Nc6 6. Nxc6 bxc6 7. Bd3 d5 8. O-O Be7 9. Bg5 h6 {[%emt 0:07:26] B40: Sicilian: 2...e6, Unusual lines.} 10. Bh4 {[%emt 0:02:05] [#]} Nxe4 $146 ({Predecessor:} 10... Rb8 11. Rb1 O-O 12. e5 Nd7 13. Bxe7 Qxe7 14. f4 c5 15. Kh1 Nb6 16. Nb5 Bd7 17. Nd6 {0-1 (74) Schoeneberg,M (2322)-Hertneck,G (2539) Germany 2006}) 11. Bxe7 Nxc3 {[%emt 0:00:20] The position is equal.} 12. Qg4 Kxe7 ({Much less strong is} 12... Qxe7 13. Qxg7 Ne2+ 14. Bxe2 $14) 13. bxc3 Kf8 14. Rae1 c5 15. c4 h5 16. Qf4 Rh6 17. Re5 Bb7 18. Rfe1 Kg8 19. cxd5 Bxd5 20. Bc4 {[%emt 0:05:49] [#]} (20. Be4 $11 {remains equal.}) 20... Rf6 ({Black should play} 20... Bxg2 $1 $17 {And now ...Rg6 would win.} 21. Bxe6 (21. Kxg2 Rg6+ 22. Kh1 Rg4 $17) 21... Rf6) 21. Qh4 $11 {[%emt 0:01:39] Threatens to win with Bxd5.} Rg6 $36 {[%emt 0:00:41][%csl LRg2,LRh4][%mdl 2048] Black has the initiative.} 22. Qxd8+ Rxd8 23. Bxd5 Rxd5 24. Rxd5 exd5 {[%emt 0:00:01][%cal Be6d5,Bd5d4,Bd4d3,Bd3d2][%mdl 4128] Endgame KR-KR} 25. f3 $2 {[%emt 0:03:04] [#] This costs White the game.} (25. Re8+ $11 {and White is okay.} Kh7 26. Re5) 25... Re6 $1 $19 26. Rd1 d4 27. Rd3 (27. Kf1 $142) 27... Ra6 28. a3 Ra4 29. Rb3 Rc4 30. Rb7 $2 (30. Rb2 {was worth a try.}) 30... Rxc2 31. Rxa7 $2 (31. Rd7 $19) 31... d3 {[%emt 0:00:06] Black mates.} 32. Rd7 d2 33. Kf1 c4 34. a4 c3 35. Ke2 Rc1 36. Rd8+ Kh7 37. a5 Re1+ {[%emt 0:00:04] Weighted Error Value: White=0.45/Black=0.08 (flawless)} 0-1

[Event "Germany Countries-chT Youth 2022"]
[Site "Wiesbaden"]
[Date "2022.10.01"]
[Round "2"]
[White "Muller, Magnus"]
[Black "Geltz, Noah"]
[Result "0-1"]
[ECO "D30"]
[WhiteElo "1464"]
[BlackElo "2142"]
[Annotator "TA"]
[PlyCount "36"]
[EventDate "2022.09.28"]
[EventType "team-tourn"]
[EventRounds "7"]
[EventCountry "GER"]
[SourceTitle "playchess.com"]
[Source "ChessBase"]
[SourceQuality "1"]
[TimeControl "40/5400+30:1800+30"]

1. d4 d5 2. c4 e6 3. Nf3 a6 4. Bg5 Be7 5. Bxe7 Qxe7 6. Nbd2 {[%emt 0:00:05] D30: Queen's Gambit Declined: Systems without Nc3.} Nf6 7. g3 b6 8. Bg2 {[%emt 0:00:55] The position is equal.} Bb7 9. Rc1 O-O 10. O-O c5 {[%emt 0:03:20] [#]} 11. Qb3 $146 ({Predecessor:} 11. cxd5 exd5 12. Qb3 Qc7 13. dxc5 bxc5 14. Qa3 Nbd7 15. Nb3 c4 16. Na5 Rac8 17. Nxb7 Qxb7 {½-½ (66) Sargsyan,S (2639)-Indjic,A (2605) Terme Catez 2022}) 11... Qc7 12. Qa3 Nbd7 13. b4 (13. cxd5 $14 Bxd5 14. dxc5) 13... dxc4 $11 14. bxc5 b5 {[%emt 0:00:20] Black is slightly better.} 15. Qb2 Rfe8 16. Rfe1 Rab8 17. e3 e5 18. Qb1 Qa5 {[%emt 0:12:17][%mdl 32768] Weighted Error Value: White=0.13 (very precise) /Black=0.06 (flawless) . Loss on time!?} 0-1